AoeStats
← Theresallwaysahole

Nomad

512017450Analyzed
3v3 RM · 9d ago on Oct 7, 2026· 27m 14s· 6 players
Game mode
Random Map
Map size
210×210
Population
200
Speed
Normal
Resources
Standard
Victory
Conquest
Starting age
Dark Age
Ending age
Imperial Age
RankedLock teamsTeams togetherTeam positionsShared explorationLock speedFull tech treeHidden civsTurbo modeCheats
Victory
Defeat
🇪🇪 Hindustanis · Estonia
1236
+17
🇸🇰 Danes · Slovakia
1234
+17
🇹🇼 Japanese · Taiwan
1224
+17
vs
🇬🇧 Romans · United Kingdom
1276
-18
🇬🇧 Huns · United Kingdom
1267
-18
🇬🇧 Koreans · United Kingdom
1201
-15
洗勒烤喔
3:51 Loom
12:59 Feudal Age
13:26 Double-Bit Axe
18:30 Fletching
22:39 Castle Age
NomeL™
12:49 Feudal Age
13:30 Horse Collar
15:28 Double-Bit Axe
16:58 Fishing Lines
19:45 Castle Age
19:58 Scale Barding Armor
20:05 Forging
20:08 Gold Mining
21:13 Gillnets
22:17 Gold Shaft Mining
23:00 Stone Mining
24:59 Chain Barding Armor
25:16 Iron Casting
25:01 Light Cavalry
26:23 Bloodlines
27:16 Wheelbarrow
26:58 Heavy Plow
27:13 Town Watch
27:15 Loom
ajja13849
13:52 Feudal Age
17:46 Castle Age
15:38 Double-Bit Axe
16:42 Gold Mining
16:55 Fletching
18:01 Loom
18:54 Bow Saw
19:34 Bodkin Arrow
19:36 Horse Collar
21:35 Wheelbarrow
21:28 Stone Mining
22:41 Padded Archer Armor
23:01 Fishing Lines
23:25 Town Watch
25:45 Leather Archer Armor
26:01 Gillnets
Theresallwaysahole
3:47 Loom
13:21 Feudal Age
17:41 Castle Age
16:05 Double-Bit Axe
16:46 Scale Mail Armor
18:36 Bow Saw
19:10 Man-at-Arms
20:32 Chain Mail Armor
20:10 Long Swordsman
26:54 Horse Collar
Richard Neville, Earl of Warwick
5:37 Loom
5:43 Loom
Captain Binjuice
4:57 Loom
13:30 Feudal Age
14:23 Double-Bit Axe
16:29 Fletching
22:02 Wheelbarrow
26:47 Castle Age
27:38 Thumb Ring
Connection lost

Rejoining the realm…

Still unreachable

The connection could not be restored.

Session expired

The server has moved on; the page needs a fresh start.